 Dungeon Crawl Stone Soup version 0.27.0-1-g7a089689b8 (webtiles) character file.

Game seed: 15379223531733915605

390 Colgate the Grave Robber (level 6, -10/41 HPs)
             Began as a Demonspawn Necromancer on Aug 15, 2021.
             Was an Initiate of Makhleb.
             Mangled by a polar bear (16 damage)
             ... created by the rage of Trog
             ... on level 4 of the Dungeon.
             The game lasted 00:15:30 (4116 turns).

Colgate the Grave Robber (Demonspawn Necromancer)   Turns: 4116, Time: 00:15:31

Health: -10/41     AC: 15    Str: 10    XL:     6   Next: 50%
Magic:  9/9        EV: 10    Int: 17    God:    Makhleb [......]
Gold:   134        SH:  0    Dex: 13    Spells: 7/9 levels left

rFire    . . .     SeeInvis .   b - +4 quarterstaff (chaos)
rCold    . . .     Faith    .   (shield currently unavailable)
rNeg     . . .     Spirit   .   i - +0 ring mail
rPois    .         Reflect  .   (helmet restricted)
rElec    .         Harm     .   y - +0 cloak
rCorr    .         Rampage  .   (no gloves)
Will     .....                  (no boots)
Stlth    ++........             v - amulet of the acrobat
HPRegen  0.13/turn              (no ring)
MPRegen  0.11/turn              (no ring)

@: sanguine armoured
A: antennae 1, sanguine armour 2
a: Renounce Religion


You were on level 4 of the Dungeon.
You worshipped Makhleb.
Makhleb was noncommittal.
You visited 1 branch of the dungeon, and saw 4 of its levels.

You collected 134 gold pieces.

Inventory:

Hand Weapons
 a - a +0 hunting sling
 b - a +4 quarterstaff of chaos (weapon)
Missiles
 f - 73 stones
 l - 17 arrows
 n - 7 javelins (quivered)
 r - 37 bolts
Armour
 i - a +0 ring mail (worn)
 k - a +0 scale mail
 m - a +1 helmet
 p - a +0 leather armour
 q - a +0 tower shield
 t - a +0 robe
 y - a +0 cloak (worn)
Jewellery
 v - an amulet of the acrobat (around neck)
Wands
 w - a wand of acid (2)
Scrolls
 d - a scroll of immolation {unknown}
 g - a scroll of amnesia {unknown}
 h - 3 scrolls of teleportation {unknown}
 o - 2 scrolls of identify {unknown}
 s - a scroll of silence {unknown}
 x - a scroll of holy word {unknown}
Potions
 c - a potion of heal wounds {unknown}
 e - 2 potions of brilliance {unknown}
 j - a potion of degeneration {unknown}
 u - a potion of mutation {unknown}


   Skills:
 - Level 2.7 Short Blades
 + Level 3.8 Staves
 - Level 1.7 Dodging
 - Level 3.0 Stealth
 - Level 2.0 Spellcasting
 - Level 5.4 Necromancy


You had 7 spell levels left.
You knew the following spells:

 Your Spells              Type           Power      Damage    Failure   Level
a - Pain                  Necr           80%        1d8       5%          1
b - Animate Skeleton      Necr           40%        N/A       5%          1

Your spell library contained the following spells:

 Spells                   Type           Power      Damage    Failure   Level
 Vampiric Draining        Necr           10%        2d7       16%         3
 Animate Dead             Necr           10%        N/A       47%         4
 Agony                    Necr           20%        N/A       83%         5


Dungeon Overview and Level Annotations

Branches:
Dungeon (4/15)
 Temple: D:4-7

Altars:
Makhleb
Okawaru
Trog
Xom

Annotations:
D:3 3 runed translucent doors, floatboth's ghost, amateur MiHu


Innate Abilities, Weirdness & Mutations

You have a pair of small antennae on your head.
When seriously injured, your bleeding wounds create thick armour. (AC +9)


Message History

Found an iron altar of Okawaru.
Found a stone staircase leading down.
Aiming: Corrosive Bolt
Press: ? - help, Shift-Dir - straight line, f - black bear
Aim: a black bear (durably summoned, berserk, 79% to hit)
Okay, then.
Unknown command.
The polar bear rages.
You see here a +0 dagger.
Aiming: Corrosive Bolt
Press: ? - help, Shift-Dir - straight line, f - black bear
Aim: a black bear (durably summoned, berserk, 79% to hit)
The bolt of acid hits the polar bear!
The polar bear is splashed with acid.
The polar bear is lightly wounded.
The bolt of acid hits the polar bear!
The polar bear is splashed with acid.
The polar bear is moderately wounded.
The bolt of acid misses the polar bear.
The bolt of acid misses the black bear.
The polar bear bites you but does no damage.
The polar bear claws you but does no damage.
The polar bear claws you.
* * * LOW HITPOINT WARNING * * *
The polar bear misses you. x2
The polar bear claws you but does no damage.
The polar bear rages.
The polar bear bites you.
* * * LOW HITPOINT WARNING * * *
The polar bear misses you. The polar bear closely misses you.
The polar bear completely misses you. x3
The polar bear rages.
You hear an angry growl.
The polar bear misses you. The polar bear closely misses you.
The polar bear barely misses you. The polar bear misses you.
The polar bear barely misses you. The polar bear completely misses you.
The polar bear closely misses you. The polar bear completely misses you.
The polar bear claws you.
* * * LOW HITPOINT WARNING * * *
The polar bear rages.
There is a stone staircase leading down here.
The polar bear rages.
The polar bear bites you!
You die...

≈≈≈## #....#._.#...
≈≈≈.## ##.....#.#....
≈≈≈..## #)...(..#.....
≈≈≈≈..#####...(.........
≈≈≈≈......).)..($.......
≈≈≈≈≈....####..(.......#
≈≈≈≈≈...## #.h.h......#
.≈≈≈≈..## ##hhh....#.
.≈≈≈≈..# ##.@...##
.......## #######
†.......# ........#
........## .........#
.........# .........#
.......###


You could see 4 polar bears and a black bear (berserk).

Vanquished Creatures
  Sigmund (D:4)
  A howler monkey (D:3)
  A crimson imp (D:3)
  Crazy Yiuf (D:3)
  Jessica (D:2)
  A howler monkey zombie (D:4)
  2 adders
  An adder skeleton (D:3)
  A worm (D:2)
  A dart slug (D:3)
  5 ball pythons
  9 endoplasms
  8 giant cockroaches
  7 goblins
  7 hobgoblins
  6 jackals
  5 kobolds
  2 quokkas
  4 bats
  A frilled lizard (D:1)
  2 rats
67 creatures vanquished.

Vanquished Creatures (collateral kills)
  A giant cockroach (D:1)
1 creature vanquished.

Vanquished Creatures (others)
  2 fungi (D:3)
2 creatures vanquished.

Grand Total: 70 creatures vanquished

Notes
Turn   | Place    | Note
-------+----------+-------------------------------------------
     0 | D:1      | Colgate the Demonspawn Necromancer began the quest for the
                  | Orb.
     0 | D:1      | Reached XP level 1. HP: 13/13 MP: 3/3
     2 | D:1      | Learned a level 1 spell: Animate Skeleton
   409 | D:1      | Gained mutation: When seriously injured, your bleeding
                  | wounds create armour. (AC +9) [demonic ancestry]
   409 | D:1      | Reached XP level 2. HP: 11/19 MP: 0/5
   596 | D:1      | Reached skill level 5 in Necromancy
  1337 | D:1      | Found a faded altar of an unknown god.
  1343 | D:1      | Became a worshipper of Trog the Wrathful
  1343 | D:1      | Reached * piety under Trog
  1443 | D:2      | Reached XP level 3. HP: 24/24 MP: 6/6
  1623 | D:2      | Noticed Jessica
  1629 | D:2      | Killed Jessica
  1828 | D:2      | Reached XP level 4. HP: 30/30 MP: 7/7
  2105 | D:2      | Reached skill level 1 in Short Blades
  2699 | D:3      | Reached ** piety under Trog
  2932 | D:3      | Found a runed translucent gate.
  2981 | D:3      | Found a burning altar of Makhleb.
  2990 | D:3      | Gained mutation: You have a pair of small antennae on your
                  | head. [demonic ancestry]
  2990 | D:3      | Reached XP level 5. HP: 35/35 MP: 8/8
  2990 | D:3      | Found a shimmering altar of Xom.
  3027 | D:3      | Fell from the grace of Trog
  3027 | D:3      | Became a worshipper of Makhleb the Destroyer
  3085 | D:3      | Found a runed translucent gate.
  3086 | D:3      | Found a runed translucent gate.
  3089 | D:3      | Noticed floatboth's ghost (amateur MiHu)
  3257 | D:3      | Found a runed translucent door.
  3258 | D:3      | Noticed Crazy Yiuf
  3344 | D:3      | Reached skill level 1 in Staves
  3625 | D:3      | Killed Crazy Yiuf
  4100 | D:4      | Noticed Sigmund
  4105 | D:4      | Killed Sigmund
  4106 | D:4      | Gained mutation: When seriously injured, your bleeding
                  | wounds create thick armour. (AC +9) [demonic ancestry]
  4106 | D:4      | Reached XP level 6. HP: 39/41 MP: 9/9
  4106 | D:4      | Noticed a polar bear
  4106 | D:4      | Noticed a polar bear
  4106 | D:4      | Noticed a polar bear
  4106 | D:4      | Noticed a polar bear
  4108 | D:4      | Found an iron altar of Okawaru.
  4116 | D:4      | Mangled by a polar bear

Illustrated notes

Levels and vault maps discovered:
D:1:      beargit_arrival_greenhouse, layout_loops_ring,
          dreamdust_ecumenical_altar_angels_and_demons, minmay_worlds_worst_comb
D:2:      layout_loops_ring, lightli_corner_chamber, uniq_jessica
D:3:      layout_rooms, grunt_temple_overflow_champion_of_chaos,
          gammafunk_ghost_split, lemuel_another_geyser, uniq_crazy_yiuf_cottage
D:4:      wander_river, layout_cave_pods, okawaru_metal_pillars_3,
          gammafunk_ghost_necromancy, kennysheep_generic_room_6, uniq_ijyb,
          uniq_sigmund, uniq_pikel

Skill      XL: |  1  2  3  4  5 |
---------------+----------------+-----
Necromancy     | 5 |  5.4
Stealth        | 2 3 |  3.0
Short Blades   | 2 |  2.7
Staves         | 3 |  3.8
Dodging        | |  1.7
Spellcasting   | |  2.0

Action                   |  1- 3 |  4- 6 || total
-------------------------+-------+-------++-------
Melee: Unarmed           |    14 |       ||    14
       Dagger            |    33 |    96 ||   129
       Quarterstaff      |       |     4 ||     4
 Fire: Hunting sling     |       |    24 ||    24
Throw: Javelin           |       |     8 ||     8
 Cast: Pain              |    31 |       ||    31
       Animate Skeleton  |    10 |       ||    10
Invok: Berserk           |     5 |     7 ||    12
Evoke: Wand              |       |     6 ||     6
 Stab: Sleeping          |     7 |     5 ||    12
Armor: Robe              |    10 |       ||    10
       Ring mail         |     4 |    31 ||    35
Dodge: Dodged            |    30 |    67 ||    97
